 Seeded DCSS version 0.30-a0-956-gcec3b41aec (webtiles) character file.

Game seed: 3125986916090331667 (custom seed)

88 Parcival the Trooper (level 4, 41/41 HPs)
             Began as a Minotaur Berserker on Mar 29, 2023.
             Was a Believer of Trog.
             Quit the game on level 3 of the Dungeon.
             The game lasted 00:05:22 (1780 turns).

Parcival the Trooper (Minotaur Berserker)           Turns: 1780, Time: 00:05:23

Health: 41/41      AC:  8    Str: 30    XL:     4   Next: 30%
Magic:  3/3        EV: 11    Int:  8    God:    Trog [**....]
Gold:   93         SH:  0    Dex:  5    Spells: 3/3 levels left

rFire   . . .      SeeInvis .    c - +3 bardiche (heavy)
rCold   + . .      Faith    .    (shield currently unavailable)
rNeg    . . .      Spirit   .    i - +0 ring mail
rPois   .          Reflect  .    (helmet restricted)
rElec   .          Rampage  .    (no cloak)
rCorr   .          Harm     + .  (no gloves)
Will    .....                    e - +2 pair of boots of the Furies {Harm rC+ Int+4 Dex-4} Stlth
                                 (no amulet)
HPRegen 0.26/turn                d - +6 ring of strength
MPRegen 0.08/turn                (no ring)

@: no status effects
A: horns 2, retaliatory headbutt
a: Renounce Religion, Berserk, Trog's Hand


You were on level 3 of the Dungeon.
You worshipped Trog.
Trog was pleased with you.
You visited 1 branch of the dungeon, and saw 3 of its levels.

You collected 93 gold pieces.

Inventory:

Hand Weapons
 a - a +0 hand axe of flaming
 c - a +3 heavy bardiche (weapon)
Armour
 b - a +0 animal skin
 e - the +2 pair of boots of the Furies (worn) {Harm rC+ Int+4 Dex-4}
   (You acquired it on level 2 of the Dungeon)

   Int:       It affects your intelligence (+4).
   Dex:       It affects your dexterity (-4).
   rC:        It protects you from cold.
   Harm:      It increases damage dealt and taken.
 i - a +0 ring mail (worn)
Jewellery
 d - a +6 ring of strength (left hand)
 h - an amulet of magic regeneration
Scrolls
 j - 3 scrolls of teleportation
Potions
 k - a potion of resistance
 l - a potion of lignification
 m - a potion of degeneration {unknown}
 n - a potion of heal wounds


   Skills:
 + Level 4.5 Fighting
 + Level 4.1(4.4) Axes
 + Level 2.1(3.4) Polearms
 + Level 3.1 Armour
 + Level 2.8 Dodging
 + Level 0.2 Stealth


You had 3 spell levels left.
You didn't know any spells.
Your spell library contained the following spells:

 Spells                   Type           Power      Damage    Failure   Level
 Sandblast                Erth           0%         2d4       52%         1
 Passwall                 Tmut/Erth      0%         N/A       67%         2
 Stone Arrow              Conj/Erth      0%         3d7       88%         3


Dungeon Overview and Level Annotations

Branches:
Dungeon (3/15)

Altars:
Okawaru


Innate Abilities, Weirdness & Mutations

You have a pair of horns on your head.
You reflexively headbutt those who attack you in melee.


Message History

The kobold shouts!
A kobold is nearby!
The kobold barely misses you.
You open the kobold like a pillowcase!!!
You kill the kobold!
Trog accepts your kill.
Things that are here:
a +0 dagger; a kobold corpse You see here a +0 club.
Done exploring.
Done exploring.
Done exploring.
Done exploring.
What are your orders? t - Shout!
Orders for allies: a - Attack new target. r - Retreat! s - Stop attacking. g - Guard the area. f - Follow me.
Anything else - Cancel.
Retreat in which direction?
Press: ? - help, Dir - move target, f - you
Okay, then.
Something appears at your feet!
You see here the +2 pair of boots of the Furies {Harm rC+ Int+4 Dex-4}.
e - the +2 pair of boots of the Furies {Harm rC+ Int+4 Dex-4} You don't know any spells.
You start putting on your armour.
You continue putting on the +2 pair of boots of the Furies {Harm rC+ Int+4 Dex-4}. x4
You finish putting on the +2 pair of boots of the Furies {Harm rC+ Int+4 Dex-4}.
You feel clever.
You feel clumsy.
Done exploring.
Done exploring.
There is a stone staircase leading down here.
You climb downwards.
The ball python hisses angrily.
Found an ivory ring and a gluggy clear potion.
Found an iron altar of Okawaru.
Found an escape hatch in the floor.
There is a stone staircase leading up here.
Are you sure you want to abandon this character and quit the game? (Confirm with "yes".)

..g..≈≈.≈≈.#
.....≈≈_≈≈.#
....≈≈≈≈≈.#
#...≈≈≈S.####
............
#.......=..
#..........
+..@.......
#..........
#..........
#..........
#..........
#......>.!.
#..........
###########


You could see a goblin and a ball python.

Vanquished Creatures
  Natasha (D:2)
  A gnoll (D:1)
  An adder (D:2)
  A worm (D:2)
  A dart slug (D:2)
  4 endoplasms
  A giant cockroach (D:2)
  2 hobgoblins
  8 kobolds
  2 quokkas (D:2)
  5 ball pythons
  2 bats (D:1)
  A frilled lizard (D:2)
  7 goblins
  2 rats (D:1)
39 creatures vanquished.

Notes
Turn   | Place    | Note
-------+----------+-------------------------------------------
     0 | D:1      | Parcival the Minotaur Berserker began the quest for the
                  | Orb.
     0 | D:1      | Reached XP level 1. HP: 19/19 MP: 0/0
    23 | D:1      | Identified a scroll of acquirement
    23 | D:1      | Acquired a +3 heavy bardiche
   269 | D:1      | Reached XP level 2. HP: 27/27 MP: 1/1
   680 | D:1      | Reached XP level 3. HP: 33/33 MP: 2/2
   968 | D:2      | Reached ** piety under Trog
  1064 | D:2      | Noticed Natasha
  1073 | D:2      | Killed Natasha
  1074 | D:2      | Reached skill level 1 in Polearms
  1074 | D:2      | Reached XP level 4. HP: 20/41 MP: 3/3
  1742 | D:2      | Acquired the +2 pair of boots of the Furies {Harm rC+ Int+4
                  | Dex-4}
  1779 | D:3      | Found an iron altar of Okawaru.
  1780 | D:3      | Quit the game

Illustrated notes

Levels and vault maps discovered:
D:1:      amcnicky_arrival_single_pillar, layout_loops_cross,
          hangedman_glass_garden
D:2:      layout_loops_ring, dk_vineyard_1, uniq_natasha
D:3:      layout_basic, mainiacjoe_overflow_catwalk, serial_forest,
          infiniplex_forest_zigzag_1, infiniplex_forest_split,
          infiniplex_forest_end_double, infiniplex_forest_lined_room_,
          infiniplex_forest_corner_1, infiniplex_forest_lined_room_2,
          serial_shops, nicolae_shop_hallway_stairs

Skill      XL: |  1  2  3  4 |
---------------+-------------+-----
Fighting       | 4 |  4.5
Axes           | 4 |  4.1
Polearms       | 1 2 |  2.1
Armour         | 3 |  3.1
Dodging        | |  2.8
Stealth        | |  0.2

Action                     |  1- 3 |  4- 6 || total
---------------------------+-------+-------++-------
  Melee: Bardiche          |    43 |    33 ||    76
         Hand axe          |     2 |       ||     2
         Headbutt          |     3 |     1 ||     4
    Use: Scroll            |     1 |     6 ||     7
         Potion            |     1 |       ||     1
 Armour: Animal skin       |    11 |       ||    11
         Ring mail         |    22 |    26 ||    48
  Dodge: Dodged            |    59 |    31 ||    90

Table legend: (Time is in decaauts)
 A = Elapsed time spent in this place.
 B = Non-inter-level travel time spent in this place.
 C = Inter-level travel time spent in this place.
 D = Time resting spent in this place.
 E = Time spent auto-exploring this place.
 F = Levels seen in this place.
 G = Mean time per level.
                   A        B        C        D        E       F      G
               +--------+--------+--------+--------+--------+-----+--------+
         Total |   1906 |   1854 |     52 |    100 |   1243 |   3 |  635.3 |
       Dungeon |   1906 |   1854 |     52 |    100 |   1243 |   3 |  635.3 |
               +--------+--------+--------+--------+--------+-----+--------+

Top non-repeatable levels by time:
     D:2: 1111 daAuts
     D:1: 794 daAuts
     D:3: 0 daAuts
